 Dungeon Crawl Stone Soup version 0.31-a0-1405-g2bb1a01664 (webtiles) character file.

Game seed: 11231073360252669092

8 gummybears the Grave Robber (level 2, 11/19 HPs)
             Began as a Demonspawn Necromancer on Dec 25, 2023.
             Quit the game on level 1 of the Dungeon.
             The game lasted 00:17:50 (462 turns).

gummybears the Grave Robber (Demonspawn Necromancer) Turns: 462, Time: 00:17:51

Health: 11/19      AC:  2    Str:  8    XL:     2   Next: 0%
Magic:  4/5        EV: 12    Int: 15    God:
Gold:   42         SH:  0    Dex: 13    Spells: 4/5 levels left

rFire   . . .        d - +0 mace
rCold   . . .        (no shield)
rNeg    . . .        a - +0 robe
rPois   .            (no helmet)
rElec   .            (no cloak)
rCorr   .            (no gloves)
SInv    .            (no boots)
Will    .....        (no amulet)
Stlth   ++           (no ring)
HPRegen 0.23/turn    (no ring)
MPRegen 0.18/turn

%: no passive effects
@: no status effects
A: magic regeneration
a: no special abilities


You were on level 1 of the Dungeon.
You visited 1 branch of the dungeon, and saw 2 of its levels.

You collected 42 gold pieces.

Inventory:

Hand Weapons
 d - a +0 mace (weapon)
 e - a +0 club
Missiles
 f - 6 stones
Armour
 a - a +0 robe (worn)
 i - a scarf of harm
Potions
 b - a potion of magic
 c - a potion of resistance
 g - a potion of invisibility {unknown}


   Skills:
 + Level 1.8 Dodging
 + Level 1.8 Stealth
 + Level 2.1 Spellcasting
 + Level 4.7 Necromancy


You had 4 spell levels left.
You knew the following spells:

 Your Spells              Type           Power      Damage    Failure   Level
a - Necrotise             Necr           60%        1d7       3%          1

Your spell library contained the following spells:

 Spells                   Type           Power      Damage    Failure   Level
 Vampiric Draining        Necr           15%        2d7       10%         3
 Animate Dead             Necr           15%        N/A       30%         4
 Scorch                   Fire           2%         2d5       32%         2
 Flame Wave               Conj/Fire      1%         2d4       91%         4
 Agony                    Necr           15%        N/A       65%         5
 Summon Cactus Giant      Summ           0%         N/A       100%        6


Dungeon Overview and Level Annotations

Branches:
Dungeon (2/15)

Altars:


Innate Abilities, Weirdness & Mutations

You regenerate magic rapidly.


Message History

There are no items here.
g - a bubbling pink potion
There is an escape hatch in the ceiling here.
Aiming: Necrotise (safe; 3% risk of failure)
Press: ? - help, Q - select action, (/) - cycle Shift-Dir - straight line
Okay, then.
Aiming: Necrotise (safe; 3% risk of failure)
Press: ? - help, Q - select action, (/) - cycle Shift-Dir - straight line Nothing appears to happen.
Aiming: Necrotise (safe; 3% risk of failure)
Press: ? - help, Q - select action, (/) - cycle Shift-Dir - straight line Nothing appears to happen.
Unknown command.
You see here a ball python corpse.
You start to feel less resistant.
You now have 42 gold pieces (gained 11).
There is a stone staircase leading up here.
You can't go down here!
You climb upwards.
There is a stone staircase leading down here.
Your resistance to elements expires.
The ball python hisses angrily.
You hit the ball python but do no damage.
The ball python closely misses you. The ball python grabs you.
The ball python constricts you.
You closely miss the ball python.
The ball python bites you but does no damage.
The ball python constricts you. The ball python bites you.
The ball python constricts you.
You barely miss the ball python. The ball python bites you.
The ball python constricts you. The ball python bites you.
The ball python constricts you.
You hit the ball python.
You kill the ball python!
You have reached level 2!
Your demonic ancestry asserts itself...
Your magic begins to regenerate rapidly.
Okay, then.
Are you sure you want to abandon this character and quit the game? (Confirm with "yes".)

########## #########
#......>.# #........
#......@.# #.##..###
#........# ###.##..###
##+##+########.#.##..#..
#........#.....#.#
#......#.>....##..
.######.#.#....##..
..........#..#..'..
.######...#..####..
#......#+#.....#..


There were no monsters in sight!

Vanquished Creatures
  4 ball pythons
  A bat (D:1)
  An endoplasm (D:2)
  A goblin (D:1)
  A rat (D:1)
8 creatures vanquished.

Notes
Turn   | Place    | Note
-------+----------+-------------------------------------------
     0 | D:1      | gummybears the Demonspawn Necromancer began the quest for
                  | the Orb.
     0 | D:1      | Reached XP level 1. HP: 13/13 MP: 3/3
   301 | D:1      | You fall into a shaft and drop 1 floor!
   458 | D:1      | Gained mutation: You regenerate magic rapidly. [demonic
                  | ancestry]
   458 | D:1      | Reached XP level 2. HP: 10/19 MP: 3/5
   462 | D:1      | Quit the game

Illustrated notes

Levels and vault maps discovered:
D:1:      ncdulo_wetmaze, layout_basic, moated_statue,
          hangedman_decor_diamond_cutter, minmay_rat_gold_closets
D:2:      layout_basic, dreamdust_ecumenical_altar_grove, serial_shops,
          nicolae_shop_crystal

Action                     || total
---------------------------++-------
  Melee: Mace              ||    22
         Unarmed           ||     5
   Cast: Necrotise         ||     4
    Use: Scroll            ||     2
         Potion            ||     1
   Stab: Sleeping          ||     1
 Armour: Robe              ||    26
  Dodge: Dodged            ||    34

Table legend: (Time is in decaauts)
 A = Elapsed time spent in this place.
 B = Non-inter-level travel time spent in this place.
 C = Inter-level travel time spent in this place.
 D = Time resting spent in this place.
 E = Time spent auto-exploring this place.
 F = Levels seen in this place.
 G = Mean time per level.
                   A        B        C        D        E       F      G
               +--------+--------+--------+--------+--------+-----+--------+
         Total |    513 |    507 |      6 |      0 |     28 |   2 |  256.5 |
       Dungeon |    513 |    507 |      6 |      0 |     28 |   2 |  256.5 |
               +--------+--------+--------+--------+--------+-----+--------+

Top non-repeatable levels by time:
     D:1: 362 daAuts
     D:2: 151 daAuts
